 Dungeon Crawl Stone Soup version 0.28-a0-726-g4a9143789a (webtiles) character file.

Game seed: 7730344696974047333

120 cheechan the Skirmisher (level 5, -6/36 HPs)
             Began as an Octopode Fighter on Oct 27, 2021.
             Mangled by an iguana (10 damage)
             ... on level 3 of the Dungeon.
             The game lasted 00:05:34 (1935 turns).

cheechan the Skirmisher (Octopode Fighter)          Turns: 1935, Time: 00:05:35

Health: -6/36      AC:  1    Str: 16    XL:     5   Next: 4%
Magic:  5/5        EV: 13    Int: 10    God:
Gold:   70         SH:  4    Dex: 12    Spells: 4/4 levels left

rFire   . . .      SeeInvis .   a - +0 war axe
rCold   . . .      Faith    .   b - +0 buckler
rNeg    . . .      Spirit   .   (helmet restricted)
rPois   .          Reflect  .   (no amulet)
rElec   .          Harm     .   (no ring)
rCorr   .          Rampage  .   (no ring)
Will    .....                   (no ring)
Stlth   +++.......              (no ring)
HPRegen 0.12/turn               (no ring)
MPRegen 0.09/turn               (no ring)
                                (no ring)
                                (no ring)

@: no status effects
A: almost no armour, amphibious, 8 rings, camouflage 1, gelatinous body 1,
(nimble swimmer 1), tentacles
a: no special abilities


You were on level 3 of the Dungeon.
You visited 1 branch of the dungeon, and saw 3 of its levels.

You collected 70 gold pieces.

Inventory:

Hand Weapons
 a - a +0 war axe (weapon)
 h - a +0 hand axe
Missiles
 d - 50 arrows
 e - 25 stones (quivered)
Armour
 b - a +0 buckler (worn)
Wands
 i - a wand of paralysis (10)
Scrolls
 f - a scroll of enchant armour
Potions
 c - 2 potions of might
 g - 2 potions of heal wounds
 j - a potion of invisibility {unknown}
 k - a potion of curing {unknown}


   Skills:
 + Level 3.6 Fighting
 + Level 3.2 Axes
 + Level 3.5 Dodging
 + Level 2.5 Stealth
 + Level 3.4 Shields


You had 4 spell levels left.
You didn't know any spells.
Your spell library contained the following spells:

 Spells                   Type           Power      Damage    Failure   Level
 Inner Flame              Hex/Fire       0%         N/A       77%         3
 Cause Fear               Hex            0%         N/A       99%         4
 Discord                  Hex            0%         N/A       100%        8


Dungeon Overview and Level Annotations

Branches:
Dungeon (3/15)

Altars:


Innate Abilities, Weirdness & Mutations

You cannot wear most types of armour.
You are amphibious.
You can wear up to eight rings at the same time.
Your skin changes colour to match your surroundings (Stealth+).
Your rubbery body absorbs attacks. (AC +1, EV +1)
((You are camouflaged near water. (Stealth+)))
You have tentacles for arms and can constrict up to eight enemies at once.


Message History

The helpless kobold fails to defend itself.
You slash the kobold!
You kill the kobold!
You barely miss the giant cockroach. Your grab misses the giant cockroach.
The giant cockroach bites you.
You hit the giant cockroach. Your grab misses the giant cockroach.
The giant cockroach is almost dead.
The kobold shouts!
You block the giant cockroach's attack. The giant cockroach bites you.
You hit the giant cockroach.
You kill the giant cockroach!
The bat closely misses you.
An iguana comes into view.
You barely miss the bat.
The iguana hisses angrily.
You grab the bat. You constrict the bat. The bat barely misses you.
The bat struggles to escape constriction.
The bat escapes!
The bat hits you.
You slash the kobold!
You kill the kobold!
You hit the bat.
You kill the bat!
A quokka comes into view.
Things that are here:
a +0 dagger; a kobold corpse An endoplasm comes into view.
The iguana bites you! The quokka closely misses you.
You hit the quokka.
You kill the quokka!
You hit the iguana. The iguana closely misses you. The iguana bites you!
* * * LOW HITPOINT WARNING * * *
You hit the iguana. You grab the iguana.
The iguana is heavily wounded.
You constrict the iguana, but do no damage.
The iguana bites you.
* * * LOW HITPOINT WARNING * * *
You hit the iguana but do no damage.
The iguana is heavily wounded.
You constrict the iguana. The iguana bites you!
You die...

... #..###.# ..##
#..###.# ..
##.>..># .
#.##..#####.
...####.##........
#.........)......
######.....######
#.##)### #.##.@.#
..###†l# #...
#.J..# ###.
##.....# . #.##.#
.. .. #.# # ..


You could see an iguana and an endoplasm.

Vanquished Creatures
  Jessica (D:2)
  Robin (D:2)
  An adder (D:2)
  A dart slug (D:2)
  3 orcs (D:3)
  6 ball pythons
  7 bats
  2 endoplasms (D:2)
  3 giant cockroaches
  14 goblins
  4 hobgoblins
  6 kobolds
  4 quokkas
  A frilled lizard (D:2)
  5 rats
59 creatures vanquished.

Notes
Turn   | Place    | Note
-------+----------+-------------------------------------------
     0 | D:1      | cheechan the Octopode Fighter began the quest for the Orb.
     0 | D:1      | Reached XP level 1. HP: 16/16 MP: 1/1
   112 | D:1      | Reached XP level 2. HP: 20/21 MP: 2/2
   528 | D:1      | Found a faded altar of an unknown god.
   924 | D:2      | Reached XP level 3. HP: 26/26 MP: 3/3
   930 | D:2      | Noticed Robin
   937 | D:2      | Noticed Jessica
   938 | D:2      | Reached skill level 1 in Stealth
   938 | D:2      | Killed Robin
   948 | D:2      | Killed Jessica
   949 | D:2      | Reached XP level 4. HP: 11/31 MP: 4/4
  1891 | D:3      | Reached XP level 5. HP: 36/36 MP: 5/5
  1935 | D:3      | Mangled by an iguana

Illustrated notes

Levels and vault maps discovered:
D:1:      minmay_arrival_up_and_down, layout_basic,
          shapermc_ecumenical_altar_starsandcircs, glass_columns_b
D:2:      layout_basic, minmay_misc_feat_more_columns, uniq_jessica, uniq_robin
D:3:      layout_rooms, grunt_temple_overflow_diamond,
          mainiacjoe_overflow_24_doors, serial_shops,
          nicolae_shop_temple_entry_statues_fountains, kennysheep_crisscross,
          serial_bayou_pond_a

Skill      XL: |  1  2  3  4 |
---------------+-------------+-----
Stealth        | 1 2 |  2.5
Axes           | 3 |  3.2
Fighting       | |  3.6
Dodging        | |  3.5
Shields        | |  3.4

Action                   |  1- 3 |  4- 6 || total
-------------------------+-------+-------++-------
Melee: War axe           |    39 |    40 ||    79
       Constrict         |    12 |     7 ||    19
       Tentacles         |     9 |     1 ||    10
  Use: Scroll            |     4 |     1 ||     5
       Potion            |     1 |       ||     1
 Stab: Sleeping          |     6 |     7 ||    13
Armor: Skin              |     5 |     5 ||    10
Dodge: Dodged            |    21 |    20 ||    41
Block: Buckler           |    10 |    10 ||    20

Table legend: (Time is in decaauts)
 A = Elapsed time spent in this place.
 B = Non-inter-level travel time spent in this place.
 C = Inter-level travel time spent in this place.
 D = Time resting spent in this place.
 E = Time spent auto-exploring this place.
 F = Levels seen in this place.
 G = Mean time per level.
                   A        B        C        D        E       F      G
               +--------+--------+--------+--------+--------+-----+--------+
         Total |   1964 |   1964 |      0 |    343 |      0 |   3 |  654.7 |
       Dungeon |   1964 |   1964 |      0 |    343 |      0 |   3 |  654.7 |
               +--------+--------+--------+--------+--------+-----+--------+

Top non-repeatable levels by time:
     D:2: 973 daAuts
     D:1: 917 daAuts
     D:3: 74 daAuts
